 Dungeon Crawl Stone Soup version 0.30-a0-1114-gd936c97349 (webtiles) character file.

Game seed: 12993103809680103676

6 Essalna the Firebug (level 1, 11/11 HPs)
             Began as a Tengu Fire Elementalist on Apr 21, 2023.
             Got out of the dungeon alive.
             The game lasted 00:01:08 (667 turns).

Essalna the Firebug (Tengu Fire Elementalist)        Turns: 667, Time: 00:01:08

Health: 11/11      AC:  1    Str:  8    XL:     1   Next: 90%
Magic:  4/4        EV: 12    Int: 15    God:
Gold:   13         SH:  0    Dex: 16    Spells: 3/4 levels left

rFire   . . .      SeeInvis .    (no weapon)
rCold   . . .      Faith    .    (no shield)
rNeg    . . .      Spirit   .    a - +0 robe
rPois   .          Reflect  .    (helmet restricted)
rElec   .          Rampage  .    (no cloak)
rCorr   .                        (no gloves)
Will    .....                    (boots unavailable)
Stlth   +++                      (no amulet)
HPRegen 0.21/turn                (no ring)
MPRegen 0.09/turn                (no ring)

@: no status effects
A: beak, talons 3, thin skeletal structure 1, deformed body, deterioration 1
a: no special abilities


You escaped.
You visited 1 branch of the dungeon, and saw 1 of its levels.

You collected 13 gold pieces.

Inventory:

Armour
 a - a +0 robe (worn)
Potions
 b - 3 potions of magic
 f - a potion of heal wounds {unknown}
 g - a potion of lignification {unknown}


   Skills:
 + Level 0.5 Fighting
 - Level 2.1 Dodging
 - Level 2.0 Stealth
 - Level 2.0 Spellcasting
 + Level 1.9 Conjurations
 + Level 3.4 Fire Magic


You had 3 spell levels left.
You knew the following spells:

 Your Spells              Type           Power      Damage    Failure   Level
a - Foxfire               Conj/Fire      36%        2x1d5     8%          1

Your spell library contained the following spells:

 Spells                   Type           Power      Damage    Failure   Level
 Scorch                   Fire           22%        2d5       9%          2
 Inner Flame              Hex/Fire       6%         N/A       32%         3
 Volatile Blastmotes      Fire/Tloc      12%        2d11      32%         3
 Flame Wave               Conj/Fire      9%         2d6       58%         4


Dungeon Overview and Level Annotations

Branches:
Dungeon (1/15)

Altars:


Innate Abilities, Weirdness & Mutations

You have a beak for a mouth.
You have claws for feet.
You have a somewhat thin skeletal structure. (Dex +2, Stealth+)
Armour fits poorly on your strangely shaped body.
Your body sometimes deteriorates upon taking damage.


Message History

You conjure some foxfire!
You barely miss the frilled lizard.
The foxfire hits the frilled lizard.
You kill the frilled lizard!
You conjure some foxfire!
No target in view!
Your foxfire dissipates!
Your foxfire dissipates! x2
You see here a frilled lizard corpse.
Key pressed, stopping explore.
A kobold comes into view. It is wielding a +0 short sword.
The kobold shouts!
The kobold moves out of view.
A kobold is nearby!
You conjure some foxfire!
You conjure some foxfire!
The foxfire hits the kobold.
You kill the kobold!
You conjure some foxfire!
Your foxfire dissipates! x2
Your foxfire dissipates!
Your foxfire dissipates!
Key pressed, stopping explore.
Blink to where?
Press: ? - help, Dir - move target
As you read the scroll labelled JERPHOL VAPPOISH, it crumbles to dust.
It was a scroll of blinking.
As you read the scroll labelled URETHI ATOTT, it crumbles to dust.
It is a scroll of identify.
e - a potion of mutation Key pressed, stopping explore.
Really quaff the potion of mutation?
You feel extremely strange.
You feel yourself wasting away.
Your body twists and deforms.
Your bones become slightly less dense.
There is a stone staircase leading down here.
Key pressed, stopping travel.
You can't go up here!
You can't go up here!
There is a staircase leading out of the dungeon here.
Are you sure you want to leave the Dungeon?
This will make you lose the game!
You have escaped!

.............................###.
#####..#.........................
#####............................
.................>...............
#####..#..####.................##
....#..#.....#######....###....##
....#..#...........#.##.# #....##
.......#...##.####.#.##.# #....##
P...#..#...##.#.@#.#.##.# #......
..###..#...##.#..#.#.##.# #..#.##
..###..#...##.#.##.#.##.###..#...
##.........##.#....#.##..........
..###..#...##.######.##..###.#.##
.................................
.†###.##.#...########............
..# #.##.#.....(.............#.##
..# #.##.#######.#######.#####.#


There were no monsters in sight!

Vanquished Creatures
  2 quokkas (D:1)
  3 frilled lizards (D:1)
  2 kobolds (D:1)
7 creatures vanquished.

Vanquished Creatures (others)
  29 foxfires (D:1)
  A fungus (D:1)
  5 plants (D:1)
35 creatures vanquished.

Grand Total: 42 creatures vanquished

Notes
Turn   | Place    | Note
-------+----------+-------------------------------------------
     0 | D:1      | Essalna the Tengu Fire Elementalist began the quest for the
                  | Orb.
     0 | D:1      | Reached XP level 1. HP: 10/10 MP: 4/4
   222 | D:1      | Found a faded altar of an unknown god.
   610 | D:1      | Gained mutation: Your body sometimes deteriorates upon
                  | taking damage. [potion of mutation]
   610 | D:1      | Gained mutation: Armour fits poorly on your strangely
                  | shaped body. [potion of mutation]
   610 | D:1      | Gained mutation: You have a somewhat thin skeletal
                  | structure. (Dex +2, Stealth+) [potion of mutation]
   667 | D:$      | Got out of the dungeon alive.

Illustrated notes

Levels and vault maps discovered:
D:1:      zelgadis_glass_arrival_small, layout_basic,
          shapermc_ecumenical_altar_mp_ritualfount

Action                     || total
---------------------------++-------
  Melee: Unarmed           ||     3
   Cast: Foxfire           ||    16
    Use: Scroll            ||     2
         Potion            ||     1
  Dodge: Dodged            ||     1

Table legend: (Time is in decaauts)
 A = Elapsed time spent in this place.
 B = Non-inter-level travel time spent in this place.
 C = Inter-level travel time spent in this place.
 D = Time resting spent in this place.
 E = Time spent auto-exploring this place.
 F = Levels seen in this place.
 G = Mean time per level.
                   A        B        C        D        E       F      G
               +--------+--------+--------+--------+--------+-----+--------+
         Total |    667 |    612 |     55 |      0 |    556 |   1 |  667.0 |
       Dungeon |    667 |    612 |     55 |      0 |    556 |   1 |  667.0 |
               +--------+--------+--------+--------+--------+-----+--------+

Top non-repeatable levels by time:
     D:1: 667 daAuts
